 Dungeon Sprint DCSS version 0.18-a0-1372-gd644665 (webtiles) character file.

55 Kidiri the Shield-Bearer (level 3, -1/25 HPs)
             Began as a Gargoyle Fighter on Feb 21, 2016.
             Was an Initiate of Okawaru.
             Slain by a two-headed ogre
             ... wielding a +0 giant club
              (23 damage)
             ... in the Dungeon (Sprint IX: "|||||||||||||||||||||||||||||").
             The game lasted 00:02:22 (205 turns).

Kidiri the Shield-Bearer (Gargoyle Fighter)          Turns: 205, Time: 00:02:22

Health: -1/25      AC: 15    Str: 20    XL:     3   Next: 93%
Magic:  3/3        EV:  9    Int: 11    God:    Okawaru [......]
Gold:   0          SH:  9    Dex:  9    Spells: 0 memorised, 2 levels left

rFire  . . .     SeeInvis .     a - +0 flail
rCold  . . .     Gourm    .     r - +2 ring mail
rNeg   + . .     Faith    .     c - +0 shield
rPois  ∞         Spirit   .     p - +0 helmet
rElec  +         Dismiss  .     (no cloak)
rCorr  .         Reflect  .     q - +0 pair of gloves
SustAt .         Harm     .     (no boots)
MR     .....     NoTele   +     (no amulet)
Stlth  ..........               s - +3 ring of intelligence
                                b - +2 ring of protection

@: not resistant to hostile enchantments, extremely unstealthy
A: negative energy resistance 1, electricity resistance, unbreathing,
petrification resistance, rot immunity, AC +3
a: Renounce Religion


You were in the Dungeon.
You worshipped Okawaru.
Okawaru was noncommittal.
You were not hungry.

You visited 1 branch

Inventory:

Hand Weapons
 a - a +0 flail (weapon)
Armour
 c - a +0 shield (worn)
 p - a +0 helmet (worn)
 q - a +0 pair of gloves (worn)
 r - a +2 ring mail (worn)
Jewellery
 b - a +2 ring of protection (left hand)
 s - a +3 ring of intelligence (right hand)
Wands
 o - a wand of lightning (7/15)
Scrolls
 k - 2 scrolls of blinking
 m - 3 scrolls of remove curse
 n - 2 scrolls of amnesia
Potions
 d - a potion of might
 e - 5 potions of curing
 g - 3 potions of heal wounds
 h - a potion of haste
 i - 4 potions of magic
 j - a potion of invisibility
Comestibles
 f - a bread ration
 l - 8 chunks of flesh


   Skills:
 * Level 4.8 Fighting
 * Level 3.7 Maces & Flails
 + Level 1.5 Throwing
 * Level 4.5 Armour
 + Level 1.7 Dodging
 * Level 5.0 Shields
 + Level 0.4 Invocations


You had 2 spell levels left.
You didn't know any spells.

Dungeon Overview and Level Annotations

Branches:
Dungeon (1/1)

Altars:
Cheibriados
Dithmenos
Elyvilon
Fedhas
Gozag
Kikubaaqudgha
Makhleb
Nemelex Xobeh
Okawaru
Pakellas
Qazlal
Ru
Sif Muna
Trog
Vehumet
Xom
Yredelemnul
Zin
The Shining One
Beogh
Jiyva
Lugonu


Innate Abilities, Weirdness & Mutations

You are resistant to torment.
Your stone body is resilient (AC +3).
You are immune to poison.
You resist negative energy.
You are resistant to electric shocks.
You can survive without breathing.
You are immune to petrification.
You are immune to rotting.


Message History

You block the gnoll's attack.
You hit the gnoll.
The gnoll is almost dead.
The gnoll hits you with a whip. You block the gnoll's attack.
You closely miss the gnoll.
The gnoll is almost dead.
The gnoll hits you but does no damage.
You hit the gnoll.
You kill the gnoll!
Okawaru accepts your kill.
Your Shields skill increases to level 5!
You barely miss the two-headed ogre. You block the two-headed ogre's attack.
The two-headed ogre hits you with a dire flail.
Unknown command.
Okay, then.
Unknown command.
You barely miss the two-headed ogre.
The two-headed ogre hits you with a giant club!!
Ouch! That really hurt!
You die...

▓.▓
▓Z▓
▓.▓
▓Z▓
▓z▓
▓C▓
▓O▓
▓@▓
▓.▓
▓[▓
▓.▓
▓.▓
▓)▓
▓|▓
▓.▓
▓.▓


You could see a hill giant, a two-headed ogre, a wight, a giant cockroach zombie
and a quokka skeleton.

Vanquished Creatures
  A worker ant (D)
  A gnoll (D)
  An adder (D)
  A giant gecko (D)
  An orc (D)
  2 bats (D)
  A bat skeleton (D)
  A giant cockroach (D)
  A goblin (D)
  A hobgoblin (D)
11 creatures vanquished.

Vanquished Creatures (others)
  A spatial maelstrom (D)
1 creature vanquished.

Grand Total: 12 creatures vanquished

Notes
Turn   | Place    | Note
--------------------------------------------------------------
     0 | D        | Kidiri the Gargoyle Fighter began the quest for the Orb.
     0 | D        | Reached XP level 1. HP: 14/14 MP: 1/1
    14 | D        | Banished a spatial maelstrom
    29 | D        | Reached skill level 4 in Shields
    29 | D        | Reached XP level 2. HP: 16/20 MP: 2/2
   102 | D        | Reached skill level 1 in Throwing
   102 | D        | Reached skill level 1 in Dodging
   102 | D        | Reached XP level 3. HP: 24/24 MP: 3/3
   125 | D        | Found a glowing silver altar of Zin.
   125 | D        | Found a glowing golden altar of the Shining One.
   125 | D        | Found an ancient bone altar of Kikubaaqudgha.
   125 | D        | Found a basalt altar of Yredelemnul.
   125 | D        | Found a shimmering altar of Xom.
   125 | D        | Found a radiant altar of Vehumet.
   126 | D        | Found an iron altar of Okawaru.
   127 | D        | Found a burning altar of Makhleb.
   128 | D        | Found a deep blue altar of Sif Muna.
   129 | D        | Found a bloodstained altar of Trog.
   130 | D        | Found a sparkling altar of Nemelex Xobeh.
   131 | D        | Found a white marble altar of Elyvilon.
   132 | D        | Found a roughly hewn altar of Beogh.
   133 | D        | Found a viscous altar of Jiyva.
   134 | D        | Became a worshipper of Warmaster Okawaru
   135 | D        | Found a corrupted altar of Lugonu.
   136 | D        | Found a blossoming altar of Fedhas.
   137 | D        | Found a snail-covered altar of Cheibriados.
   138 | D        | Found a shadowy altar of Dithmenos.
   139 | D        | Found a stormy altar of Qazlal.
   140 | D        | Found an opulent altar of Gozag.
   141 | D        | Found a sacrificial altar of Ru.
   142 | D        | Found an oddly glowing altar of Pakellas.
   193 | D        | Noticed a hill giant
   193 | D        | Noticed a two-headed ogre
   203 | D        | Reached skill level 5 in Shields
   205 | D        | Slain by a two-headed ogre

Vault maps used:
D:        linesprint

Action                   || total
-------------------------++-------
Melee: Flail             ||    53
  Use: Potion            ||     1
